 Dungeon Crawl Stone Soup version 0.30-a0-782-ge64f9170bb (webtiles) character file.

Game seed: 7668010802243795918

18 mopl the Vexing (level 2, 0/15 HPs)
             Began as a Deep Elf Enchanter on Mar 14, 2023.
             Slain by a ball python (1 damage)
             ... on level 1 of the Dungeon.
             The game lasted 00:00:48 (223 turns).

mopl the Vexing (Deep Elf Enchanter)                 Turns: 223, Time: 00:00:48

Health: 0/15       AC:  2    Str:  5    XL:     2   Next: 48%
Magic:  7/8        EV:  9    Int: 19    God:
Gold:   16         SH:  0    Dex: 15    Spells: 5/7 levels left

rFire   . . .      SeeInvis .    a - +1 dagger
rCold   . . .      Faith    .    (no shield)
rNeg    . . .      Spirit   .    b - +0 robe
rPois   .          Reflect  .    (no helmet)
rElec   .          Harm     .    (no cloak)
rCorr   .          Rampage  .    (no gloves)
Will    .....                    (no boots)
Stlth   +++                      (no amulet)
HPRegen 0.22/turn                (no ring)
MPRegen 0.11/turn                (no ring)

@: constricted
A: no striking features
a: no special abilities


You were on level 1 of the Dungeon.
You visited 1 branch of the dungeon, and saw 1 of its levels.

You collected 16 gold pieces.

Inventory:

Hand Weapons
 a - a +1 dagger (weapon)
Armour
 b - a +0 robe (worn)
Scrolls
 d - a scroll of identify {unknown}
Potions
 c - 2 potions of invisibility
 e - a potion of curing {unknown}


   Skills:
 + Level 1.5 Short Blades
 - Level 2.4 Dodging
 + Level 4.0 Stealth
 + Level 3.3 Spellcasting
 + Level 4.3 Hexes


You had 5 spell levels left.
You knew the following spells:

 Your Spells              Type           Power      Damage    Failure   Level
b - Ensorcelled Hibernat  Hex/Ice        22%        N/A       9%          2

Your spell library contained the following spells:

 Spells                   Type           Power      Damage    Failure   Level
 Confusing Touch          Hex            19%        N/A       8%          3
 Tukima's Dance           Hex            19%        N/A       8%          3
 Dazzling Flash           Conj/Hex       22%        N/A       19%         3


Dungeon Overview and Level Annotations

Branches:
Dungeon (1/15)

Altars:

Annotations:
D:1 1 runed translucent door


Message History

The slug dart hits you.
You are too injured to fight recklessly!
You are too injured to fight recklessly!
You are too injured to fight recklessly!
You are too injured to fight recklessly!
You are too injured to fight recklessly!
You are too injured to fight recklessly!
The dart slug launches a dart at you. The slug dart hits you.
* * * LOW HITPOINT WARNING * * *
You see here a ball python corpse.
Casting: Ensorcelled Hibernation (safe; 10% risk of failure)
Confirm with . or Enter, or press ? or * to list all spells.
Aiming: Ensorcelled Hibernation (safe; 10% risk of failure)
Press: ? - help, Shift-Dir - straight line, f - dart slug
Aim: a dart slug (chance to affect: 62%)
The dart slug looks drowsy...
Found 2 poisoned darts.
The helpless dart slug fails to defend itself.
You impale the dart slug!!
You kill the dart slug!
The ball python hisses angrily.
You see here a dart slug corpse.
You hit the ball python but do no damage.
The ball python bites you.
* * * LOW HITPOINT WARNING * * *
The ball python grabs you. The ball python constricts you.
The ball python misses you. The ball python constricts you.
You hit the ball python.
The ball python is severely wounded.
The ball python bites you.
* * * LOW HITPOINT WARNING * * *
The ball python constricts you.
* * * LOW HITPOINT WARNING * * *
Casting: Ensorcelled Hibernation (safe; 9% risk of failure)
Confirm with . or Enter, or press ? or * to list all spells.
Okay, then.
The ball python's grasp on you weakens, but your attempt to escape fails.
The ball python bites you.
You die...

....#........# ....#
.⌠..#........#####....##
#+###...................
. .....................
# ###..................
#....†.............
#..................
#.........†........
########...@.......
#...S.......
#........(..
#...........
#...........
#...........
############


You could see a ball python.

Vanquished Creatures
  2 dart slugs (D:1)
  An endoplasm (D:1)
  A giant cockroach (D:1)
  3 hobgoblins (D:1)
  4 ball pythons (D:1)
  A bat (D:1)
  2 frilled lizards (D:1)
  A rat (D:1)
15 creatures vanquished.

Notes
Turn   | Place    | Note
-------+----------+-------------------------------------------
     0 | D:1      | mopl the Deep Elf Enchanter began the quest for the Orb.
     0 | D:1      | Reached XP level 1. HP: 10/10 MP: 6/6
     0 | D:1      | Noticed a jelly
     3 | D:1      | Found a runed translucent door.
   149 | D:1      | Reached XP level 2. HP: 15/15 MP: 8/8
   160 | D:1      | Learned a level 2 spell: Ensorcelled Hibernation
   211 | D:1      | Reached skill level 4 in Stealth
   223 | D:1      | Slain by a ball python

Illustrated notes

Levels and vault maps discovered:
D:1:      dpeg_arrival_caged_fury, layout_basic, minmay_split_cup_small

Skill      XL: |  1  2 |
---------------+-------+-----
Stealth        | 4 |  4.0
Short Blades   | |  1.5
Dodging        | |  2.4
Spellcasting   | |  3.3
Hexes          | |  4.3

Action                     || total
---------------------------++-------
  Melee: Dagger            ||    38
   Cast: Ensorcelled Hiber ||     1
   Stab: Sleeping          ||     6
 Armour: Robe              ||     2
  Dodge: Dodged            ||    29

Table legend: (Time is in decaauts)
 A = Elapsed time spent in this place.
 B = Non-inter-level travel time spent in this place.
 C = Inter-level travel time spent in this place.
 D = Time resting spent in this place.
 E = Time spent auto-exploring this place.
 F = Levels seen in this place.
 G = Mean time per level.
                   A        B        C        D        E       F      G
               +--------+--------+--------+--------+--------+-----+--------+
         Total |    221 |    221 |      0 |     24 |     84 |   1 |  221.0 |
       Dungeon |    221 |    221 |      0 |     24 |     84 |   1 |  221.0 |
               +--------+--------+--------+--------+--------+-----+--------+

Top non-repeatable levels by time:
     D:1: 221 daAuts
